 Dungeon Crawl Stone Soup version 0.28-a0-726-g4a9143789a (webtiles) character file.

Game seed: 9987793136706688350

494 kae the Sneak (level 6, 0/30 HPs)
             Began as a Spriggan Enchanter on Oct 27, 2021.
             Was an Initiate of Dithmenos.
             Slain by a two-headed ogre (12 damage)
             ... on level 5 of the Dungeon.
             The game lasted 00:03:52 (5335 turns).

kae the Sneak (Spriggan Enchanter)                  Turns: 5335, Time: 00:03:53

Health: 0/30       AC:  3    Str:  6    XL:     6   Next: 92%
Magic:  13/13      EV: 18    Int: 17    God:    Dithmenos [......]
Gold:   234        SH:  0    Dex: 15    Spells: 5/13 levels left

rFire   . . .      SeeInvis +   a - +2 dagger (freeze)
rCold   . . .      Faith    .   (shield restricted)
rNeg    . . .      Spirit   .   s - +1 robe
rPois   .          Reflect  .   (helmet restricted)
rElec   .          Harm     .   (no cloak)
rCorr   .          Rampage  .   (gloves unavailable)
Will    +....                   (boots unavailable)
Stlth   +++.......              (no amulet)
HPRegen 0.10/turn               (no ring)
MPRegen 0.13/turn               (no ring)

@: very quick
A: very small, no large weapons, unfitting armour, see invisible, speed 3
a: Renounce Religion


You were on level 5 of the Dungeon.
You worshipped Dithmenos.
Dithmenos was noncommittal.
You visited 2 branches of the dungeon, and saw 6 of its levels.

You collected 234 gold pieces.

Inventory:

Hand Weapons
 a - a +2 dagger of freezing (weapon)
 b - a +0 short sword
 g - a +1 dagger
Armour
 s - a +1 robe (worn)
Jewellery
 o - a +6 ring of intelligence
Wands
 k - a wand of flame (9)
Scrolls
 h - 2 scrolls of blinking
 j - a scroll of enchant armour
 m - a scroll of identify
Potions
 c - a potion of invisibility
 d - a potion of lignification
 e - a potion of brilliance
 f - 2 potions of curing
 i - 2 potions of ambrosia
 l - a potion of haste {unknown}
 n - a potion of flight {unknown}
 p - 3 potions of berserk rage {unknown}
 r - 3 potions of attraction {unknown}


   Skills:
 + Level 1.9 Fighting
 * Level 4.4 Short Blades
 + Level 4.6 Dodging
 + Level 6.1 Stealth
 + Level 4.0 Spellcasting
 + Level 4.7 Hexes


You had 5 spell levels left.
You knew the following spells:

 Your Spells              Type           Power      Damage    Failure   Level
a - Ensorcelled Hibernat  Hex/Ice        22%        N/A       9%          2
b - Confusing Touch       Hex            19%        N/A       7%          3
c - Tukima's Dance        Hex            19%        N/A       7%          3

Your spell library contained the following spells:

 Spells                   Type           Power      Damage    Failure   Level
 Slow                     Hex            19%        N/A       3%          2
 Apportation              Tloc           6%         N/A       16%         1
 Magic Dart               Conj           12%        1d3       16%         1
 Dazzling Flash           Conj/Hex       22%        N/A       19%         3
 Call Imp                 Summ           3%         N/A       24%         2
 Ignite Poison            Fire/Tmut/Pois 3%         N/A       43%         3
 Mephitic Cloud           Conj/Pois/Air  3%         N/A       43%         3
 Vampiric Draining        Necr           1%         2d6       43%         3
 Alistair's Intoxication  Tmut/Pois      2%         N/A       99%         5
 Freezing Cloud           Conj/Ice/Air   1%         6-21      99%         5
 Invisibility             Hex            9%         N/A       98%         6


Dungeon Overview and Level Annotations

Branches:
Dungeon (5/15)             Temple (1/1) D:4

Altars:
Ashenzari
Cheibriados
Dithmenos
Elyvilon
Fedhas
Gozag
Hepliaklqana
Kikubaaqudgha
Nemelex Xobeh
Okawaru
Qazlal
Uskayaw
Vehumet
Zin
The Shining One

Annotations:
D:5 Menkaure


Innate Abilities, Weirdness & Mutations

You are very small and have problems with some larger weapons.
You are too small for most types of armour.
You have supernaturally acute eyesight. (SInv)
You cover ground extremely quickly. (Speed+++)


Message History

Your Stealth skill increases to level 6!
Your Spellcasting skill increases to level 4!
Magic restored.
Found a blossoming altar of Fedhas.
You now have 234 gold pieces (gained 3).
An adder comes into view.
An adder is nearby!
An adder is nearby!
An adder is nearby!
The adder hisses angrily.
You miss the adder. The adder closely misses you.
Casting: Ensorcelled Hibernation (safe; 9% risk of failure)
Confirm with . or Enter, or press ? or * to list all spells.
Aiming: Ensorcelled Hibernation (safe; 9% risk of failure)
Press: ? - help, Shift-Dir - straight line, f - adder
Aim: an adder (chance to affect: 50%)
The adder looks drowsy...
Casting: Ensorcelled Hibernation (safe; 9% risk of failure)
Confirm with . or Enter, or press ? or * to list all spells.
You can't see any susceptible monsters within range! (Use Z to cast anyway.)
Casting: Ensorcelled Hibernation (safe; 9% risk of failure)
Confirm with . or Enter, or press ? or * to list all spells.
You can't see any susceptible monsters within range! (Use Z to cast anyway.)
The helpless adder fails to defend itself.
You skewer the adder like a kebab!!!
The adder seems to slow down.
You freeze the adder.
You kill the adder!
Dithmenos accepts your kill.
A two-headed ogre comes into view.
It is wielding a +0 great mace and a +0 giant spiked club.
A two-headed ogre is nearby!
A two-headed ogre is nearby!
A two-headed ogre is nearby!
An ice beast comes into view.
The helpless two-headed ogre fails to defend itself.
You impale the two-headed ogre!! You freeze the two-headed ogre.
The two-headed ogre is heavily wounded.
The two-headed ogre hits you with a +0 great mace!!
Ouch! That really hurt!
The two-headed ogre hits you with a +0 giant spiked club!
You die...

....≈..# ##. #..≈.###
#.≈).# ##..
#..≈.....#.≈§#####>..
#Y§§.#._.#§≈.........
#..§§#.......#####...
#§§≈§#####.≈.# ##..
#.§§.......≈.# ##.
#..≈≈≈≈≈≈≈≈≈.#######.
#.O@................
##########...#######
#####


You could see a two-headed ogre and an ice beast (asleep).

Vanquished Creatures
  An ogre (D:5)
  A phantom (D:4)
  A scorpion (D:5)
  An iguana (D:4)
  3 orc wizards
  9 adders
  An adder skeleton (D:4)
  A dart slug (D:1)
  8 orcs
  4 bats
  4 endoplasms
  5 giant cockroaches
  16 goblins
  6 hobgoblins
  3 quokkas
  3 ball pythons
  7 frilled lizards
  4 kobolds
  A rat (D:3)
79 creatures vanquished.

Vanquished Creatures (others)
  A plant (Temple)
1 creature vanquished.

Grand Total: 80 creatures vanquished

Notes
Turn   | Place    | Note
-------+----------+-------------------------------------------
     0 | D:1      | kae the Spriggan Enchanter began the quest for the Orb.
     0 | D:1      | Reached XP level 1. HP: 9/9 MP: 5/5
   456 | D:1      | Reached XP level 2. HP: 13/13 MP: 6/6
   459 | D:1      | Learned a level 2 spell: Ensorcelled Hibernation
  1197 | D:2      | Reached XP level 3. HP: 13/17 MP: 4/8
  1201 | D:2      | Learned a level 3 spell: Confusing Touch
  1205 | D:2      | Learned a level 3 spell: Tukima's Dance
  1935 | D:2      | Reached XP level 4. HP: 20/21 MP: 6/9
  3024 | D:3      | Reached skill level 5 in Stealth
  3771 | D:4      | Noticed a phantom
  3804 | D:4      | Killed a phantom
  3805 | D:4      | Reached skill level 1 in Fighting
  3805 | D:4      | Reached XP level 5. HP: 17/25 MP: 7/11
  4407 | D:4      | Found a glowing golden altar of the Shining One.
  4411 | D:4      | Found a glowing silver altar of Zin.
  4411 | D:4      | Found a white marble altar of Elyvilon.
  4607 | D:4      | Reached XP level 6. HP: 30/30 MP: 5/12
  4713 | D:4      | Found a staircase to the Ecumenical Temple.
  4726 | Temple   | Entered the Ecumenical Temple
  4855 | Temple   | Became a worshipper of Dithmenos the Shadowed
  5082 | D:5      | Entered Level 5 of the Dungeon
  5108 | D:5      | Found a sparkling altar of Nemelex Xobeh.
  5195 | D:5      | Noticed Menkaure
  5293 | D:5      | Reached skill level 6 in Stealth
  5302 | D:5      | Found a blossoming altar of Fedhas.
  5329 | D:5      | Noticed a two-headed ogre
  5330 | D:5      | Noticed an ice beast
  5335 | D:5      | Slain by a two-headed ogre

Illustrated notes

Levels and vault maps discovered:
D:1:      dpeg_arrival_connections, layout_basic
D:2:      kennysheep_the_goblin_king, layout_basic
D:3:      layout_loops_ring
D:4:      layout_layer_cave, nicolae_overflow_hidden_temple,
          minmay_temple_entry_mini_moons, minmay_quantized
D:5:      layout_loops_ring, nemelex_spade_bored_becter,
          mainiacjoe_overflow_six_doors_small, mainiacjoe_overflow_brackets,
          kennysheep_little_box, uniq_menkaure
Temple:   cyrus_temple_forest

Skill      XL: |  1  2  3  4  5  6 |
---------------+-------------------+-----
Dodging        | 3 4 |  4.6
Short Blades   | 2 3 4 |  4.4
Spellcasting   | 3 4 |  4.0
Hexes          | 4 |  4.7
Stealth        | 5 6 |  6.1
Fighting       | 1 |  1.9

Action                   |  1- 3 |  4- 6 || total
-------------------------+-------+-------++-------
Melee: Dagger            |   119 |   111 ||   230
       Short sword       |     1 |       ||     1
 Cast: Ensorcelled Hiber |    17 |    27 ||    44
       Confusing Touch   |       |     1 ||     1
  Use: Scroll            |     1 |    10 ||    11
 Stab: Sleeping          |    17 |    31 ||    48
       Confused          |       |     1 ||     1
Armor: Robe              |    18 |    10 ||    28
Dodge: Dodged            |    89 |    58 ||   147

Table legend: (Time is in decaauts)
 A = Elapsed time spent in this place.
 B = Non-inter-level travel time spent in this place.
 C = Inter-level travel time spent in this place.
 D = Time resting spent in this place.
 E = Time spent auto-exploring this place.
 F = Levels seen in this place.
 G = Mean time per level.
                   A        B        C        D        E       F      G
               +--------+--------+--------+--------+--------+-----+--------+
         Total |   3964 |   3852 |    112 |    822 |   2465 |   6 |  660.7 |
       Dungeon |   3842 |   3746 |     96 |    760 |   2434 |   5 |  768.4 |
        Temple |    122 |    106 |     16 |     62 |     31 |   1 |  122.0 |
               +--------+--------+--------+--------+--------+-----+--------+

Top non-repeatable levels by time:
     D:2: 1332 daAuts
     D:1: 849 daAuts
     D:3: 835 daAuts
     D:4: 661 daAuts
     D:5: 163 daAuts
  Temple: 122 daAuts
